 Dungeon Crawl Stone Soup version 0.22-a0-469-gf26638a (webtiles) character file.

3774 iamserjio the Cleaver (level 9, -8/76 HPs)
             Began as a Demonspawn Chaos Knight on June 11, 2018.
             Mangled by a shock serpent (10 damage)
             ... on level 9 of the Dungeon.
             The game lasted 00:25:22 (8417 turns).

iamserjio the Cleaver (Demonspawn Chaos Knight)     Turns: 8417, Time: 00:25:23

Health: -8/76      AC: 19    Str: 15    XL:     9   Next: 95%
Magic:  9/9        EV:  4    Int: 14    God:    Xom [*.....]
Gold:   147        SH:  3    Dex: 15    Spells: 8/8 levels left

rFire    . . .     SeeInvis +   S - +0 war axe
rCold    + . .     Gourm    .   v - +0 buckler
rNeg     . . .     Faith    .   F - +0 plate armour
rPois    .         Spirit   .   (helmet restricted)
rElec    .         Reflect  .   (no cloak)
rCorr    .         Harm     .   w - +2 pair of gloves
rMut     +         Clarity  +   O - +0 pair of boots
MR       .....                  (no amulet)
Stlth    ..........             y - +2 ring of dexterity
HPRegen  0.62/turn              p - ring of see invisible
MPRegen  0.11/turn

@: no status effects
A: antennae 1, claws 1, hooves 2, rugged brown scales 1, clarity, cold
resistance 1, demonic guardian 1, mutation resistance 3, regeneration 1,
screaming 1, shaggy fur 1
a: Renounce Religion


You were on level 9 of the Dungeon.
You worshipped Xom.
You were a special plaything of Xom.
You were hungry.

You visited 1 branch of the dungeon, and saw 9 of its levels.

You collected 462 gold pieces.
You spent 315 gold pieces at shops.

Inventory:

Hand Weapons
 a - a +0 hand axe of chaos
 x - a +0 vampiric hand axe
 G - a +0 morningstar
 S - a +0 war axe (weapon)
Missiles
 h - 322 stones (quivered)
 m - 13 poisoned needles
 q - 19 tomahawks
 s - 2 throwing nets
 I - 4 curare-tipped needles
Armour
 b - a +2 leather armour
 e - a +0 ring mail
 v - a +0 buckler (worn)
 w - a +2 pair of gloves (worn)
 F - a +0 plate armour (worn)
 N - a +2 leather armour of poison resistance
 O - a +0 pair of boots (worn)
Jewellery
 n - an uncursed ring of flight
 p - a ring of see invisible (right hand)
 y - a +2 ring of dexterity (left hand)
 D - the ring "Haicwuiq" {*Tele rF+++ rC- MR+ Int+4}
   (You found it on level 6 of the Dungeon)

   [ring of teleportation]

   It may teleport you next to monsters.
   It affects your intelligence (+4).
   It renders you almost immune to fire.
   It makes you vulnerable to cold.
   It affects your resistance to hostile enchantments.
Wands
 o - a wand of acid (5)
 C - a wand of random effects (36)
 K - a wand of polymorph (15)
Scrolls
 d - 4 scrolls of amnesia
 i - a scroll of noise {unknown}
 l - 2 scrolls of immolation
 t - a scroll of teleportation
 z - a scroll of brand weapon {unknown}
 H - 3 scrolls of remove curse
 L - a scroll of blinking {unknown}
 M - a scroll of magic mapping {unknown}
 P - a scroll of enchant armour
 Q - a scroll of random uselessness {unknown}
 T - 3 scrolls of fear {unknown}
Potions
 f - 4 potions of heal wounds
 g - 2 potions of invisibility
 j - a potion of agility
 k - a potion of curing
 r - a potion of magic
 u - 3 potions of brilliance
 A - 2 potions of mutation
 B - a potion of ambrosia {unknown}
 E - 2 potions of flight
 J - a potion of lignification {unknown}
Comestibles
 c - 16 rations


   Skills:
 + Level 8.0 Fighting
 * Level 10.0 Axes
 - Level 6.0 Armour
 - Level 1.0 Dodging
 + Level 0.1 Shields


You had 8 spell levels left.
You didn't know any spells.
Your spell library contained the following spells:

 Spells                   Type           Power        Failure   Level  Hunger
 Magic Dart               Conj           #...         100%        1    ##.....
 Conjure Flame            Conj/Fire      #.......     100%        3    ####...
 Slow                     Hex            #.......     100%        2    ###....
 Mephitic Cloud           Conj/Pois/Air  #.......     100%        3    ####...
 Blink                    Tloc           N/A          100%        2    ###....
 Call Imp                 Summ           #.......     100%        2    ###....


Dungeon Overview and Level Annotations

Branches:
Dungeon (9/15)             Temple (0/1) D:6
   Lair: D:8-11         Orc: D:9-12

Altars:
Gozag
Makhleb
Nemelex Xobeh
Ru
Sif Muna
Trog
Uskayaw
Vehumet
Xom
Yredelemnul
Zin
The Shining One

Shops:
D:8 *


Innate Abilities, Weirdness & Mutations

You have hoof-like feet.
You are partially covered in rugged brown scales. (AC +1, +3% HP)
A weak demonic guardian rushes to your aid.
You have a pair of small antennae on your head.
You have sharp fingernails.
You possess an exceptional clarity of mind.
Your flesh is cold resistant. (rC+)
You are almost entirely resistant to further mutation and mutation removal.
Your natural rate of healing is unusually fast.
You occasionally shout uncontrollably at your foes.
You are covered in fur. (AC +1)


Message History

A crocodile comes into view.
You shout at the crocodile!
The shock serpent shoots out a bolt of lightning at you!
The bolt of electricity hits you! x2
The bolt of electricity hits the shock serpent.
The shock serpent completely resists.
Your ufetubus barely misses the shock serpent.
Your ufetubus closely misses the shock serpent.
The shock serpent bites you but does no damage.
Your ufetubus hits the shock serpent. Your ufetubus misses the shock serpent.
You hit the shock serpent but do no damage.
The shock serpent is lightly wounded.
The shock serpent bites you. The shock serpent shocks you!
* * * LOW HITPOINT WARNING * * *
Your ufetubus hits the shock serpent. Your ufetubus misses the shock serpent.
The shock serpent bites you!
* * * LOW HITPOINT WARNING * * *
The shock serpent shocks you!
You die...
Xom guffaws!

#... .. #.#..##.#
#.#.....#
#.#.....#
#.#.....# #
#.#t....# +..
#.......####
#...###...<.......
..#...@S#..##..#..
#......5........#
.......5).........
##################


You could see a shock serpent, a crocodile, a friendly iron imp and a friendly
ufetubus.

Vanquished Creatures
  A two-headed ogre (D:8)
  Grinder (D:3)
  Eustachio (D:5)
  2 sky beasts (D:8)
  An ice beast (D:3)
  2 orc warriors
  A swamp drake (D:4)
  A black bear (D:8)
  An ogre (D:8)
  A phantom (D:8)
  The ghost of Avalon the Magician, an amateur GnWz (D:3)
  A centaur (D:5)
  2 big kobolds (D:8)
  4 bullfrogs
  2 scorpions (D:8)
  A wyvern skeleton (D:5)
  4 wights (D:8)
  A howler monkey (D:5)
  2 crimson imps
  A jelly (D:8)
  A quasit (D:5)
  3 orc priests
  2 hounds
  2 bullfrog skeletons (D:4)
  A gnoll shaman (D:6)
  2 iguanas
  3 orc wizards
  6 worker ants
  A hound zombie (D:7)
  5 gnolls (D:6)
  11 adders
  A shadow imp (D:6)
  An ooze (D:3)
  3 adder skeletons
  2 worms
  5 dart slugs
  5 leopard geckos
  12 orcs
  7 giant cockroaches
  13 goblins
  16 hobgoblins
  11 jackals
  2 quokkas
  2 ball pythons
  6 bats
  6 frilled lizards
  11 kobolds
  2 leopard gecko skeletons
  A quokka skeleton (D:6)
  8 rats
  A spectral orc (D:2)
183 creatures vanquished.

Vanquished Creatures (collateral kills)
  A hippogriff (D:5)
  An orc warrior (D:7)
  A bullfrog (D:7)
  A wight (D:8)
  An orc wizard (D:5)
  An adder (D:5)
  An ooze (D:3)
  5 orcs
12 creatures vanquished.

Vanquished Creatures (others)
  A shadow imp (D:6)
1 creature vanquished.

Grand Total: 196 creatures vanquished

Notes
Turn   | Place    | Note
-------+----------+-------------------------------------------
     0 | D:1      | iamserjio the Demonspawn Chaos Knight began the quest for the Orb.
     0 | D:1      | Reached XP level 1. HP: 18/18 MP: 1/1
   142 | D:1      | XOM: harmless Hex miscast
   146 | D:1      | Reached skill level 1 in Dodging
   435 | D:1      | XOM is BORED!
   435 | D:1      | XOM: harmless Conj miscast
   586 | D:1      | Gained mutation: You have large cloven feet. [demonic ancestry]
   586 | D:1      | Reached XP level 2. HP: 23/24 MP: 2/2
   595 | D:1      | Reached skill level 3 in Axes
   673 | D:1      | XOM: harmless Air miscast
   831 | D:1      | XOM: scenery: 1 doors open
   838 | D:1      | XOM: mild Chrm miscast
   876 | D:1      | XOM: give mutations
   876 | D:1      | Gained mutation: You are somewhat resistant to further mutation. [Xom's mischief]
   876 | D:1      | Gained mutation: You are somewhat resistant to both further mutation and mutation removal. [Xom's mischief]
   876 | D:1      | Gained mutation: You occasionally shout uncontrollably at your foes. [Xom's mischief]
  1030 | D:1      | Reached XP level 3. HP: 20/29 MP: 3/3
  1225 | D:2      | Found a radiant altar of Vehumet.
  1263 | D:2      | Found a bloodstained altar of Trog.
  1472 | D:2      | XOM: mild Fire miscast
  1626 | D:2      | Gained mutation: A weak demonic guardian rushes to your aid. [demonic ancestry]
  1626 | D:2      | Reached XP level 4. HP: 26/35 MP: 4/4
  1863 | D:2      | Found a basalt altar of Yredelemnul.
  2073 | D:2      | Found an opulent altar of Gozag.
  2073 | D:2      | Found a glowing silver altar of Zin.
  2116 | D:3      | XOM: medium Fire miscast
  2207 | D:3      | XOM: noise
  2222 | D:3      | Noticed Avalon's ghost (amateur GnWz)
  2223 | D:3      | Noticed Grinder
  2229 | D:3      | XOM: enchant monster (bad)
  2399 | D:2      | XOM: give mutations
  2399 | D:2      | Gained mutation: You are covered in fur. (AC +1) [Xom's grace]
  2399 | D:2      | Gained mutation: You have a pair of small horns on your head. [Xom's grace]
  2399 | D:2      | Gained mutation: Your system is resistant to poisons. (rPois) [Xom's grace]
  2540 | D:3      | Noticed an ice beast
  2553 | D:3      | Reached skill level 4 in Axes
  2554 | D:3      | Killed an ice beast
  2554 | D:3      | Reached XP level 5. HP: 20/42 MP: 5/5
  2796 | D:3      | XOM: give mutation
  2796 | D:3      | Lost mutation: You have a pair of small horns on your head. [Xom's mischief]
  2840 | D:3      | XOM: 1-stop teleportation journey
  3002 | D:3      | XOM: god gift: 45 gold pieces
  3010 | D:3      | Killed Avalon's ghost
  3010 | D:3      | Gained mutation: You have hoof-like feet. [demonic ancestry]
  3010 | D:3      | Reached XP level 6. HP: 23/48 MP: 6/6
  3072 | D:3      | XOM: cloud trail
  3133 | D:4      | XOM: confuse monster(s)
  3150 | D:4      | Reached skill level 5 in Axes
  3195 | D:4      | XOM: snakes to sticks
  3199 | D:4      | Found a sacrificial altar of Ru.
  3212 | D:4      | Noticed a swamp drake
  3212 | D:4      | an orc wizard changed into a swamp drake
  3216 | D:4      | Killed a swamp drake
  3794 | D:4      | XOM: give mutations
  3794 | D:4      | Gained mutation: Your muscles are strong. (Str +2) [Xom's grace]
  3794 | D:4      | Gained mutation: You have a pair of small antennae on your head. [Xom's grace]
  3794 | D:4      | Gained mutation: You possess an exceptional clarity of mind. [Xom's grace]
  3818 | D:4      | Reached XP level 7. HP: 47/55 MP: 7/7
  4061 | D:3      | Killed Grinder
  4212 | D:3      | Reached skill level 5 in Fighting
  4273 | D:3      | You fall through a shaft for 3 floors!
  4308 | D:6      | Reached skill level 6 in Axes
  4444 | D:6      | Got a flickering wooden ring
  4621 | D:6      | XOM: swap monsters
  4690 | D:6      | XOM: give mutations
  4690 | D:6      | Gained mutation: Your natural rate of healing is unusually fast. [Xom's grace]
  4690 | D:6      | Gained mutation: Your flesh is cold resistant. (rC+) [Xom's grace]
  4690 | D:6      | Gained mutation: You have sharp fingernails. [Xom's grace]
  4690 | D:6      | Gained mutation: You are almost entirely resistant to further mutation and mutation removal. [Xom's grace]
  4873 | D:6      | XOM: enchant monster (good)
  4883 | D:5      | Entered Level 5 of the Dungeon
  4891 | D:5      | XOM: smoke on damage
  4934 | D:5      | Gained mutation: You are partially covered in rugged brown scales. (AC +1, +3% HP) [demonic ancestry]
  4934 | D:5      | Reached XP level 8. HP: 56/64 MP: 8/8
  5020 | D:5      | Noticed Eustachio
  5022 | D:5      | XOM: fog
  5035 | D:5      | XOM: scenery: create altars
  5044 | D:5      | Killed Eustachio
  5074 | D:5      | Reached skill level 7 in Axes
  5297 | D:5      | Noticed a hippogriff
  5311 | D:5      | Killed a hippogriff
  5311 | D:5      | Reached skill level 5 in Armour
  5573 | D:5      | XOM: scenery: create altars
  5852 | D:6      | XOM: summons friendly quasit
  5968 | D:6      | Found a sparkling altar of Nemelex Xobeh.
  6010 | D:6      | XOM: destruction
  6098 | D:6      | Found a deep blue altar of Sif Muna.
  6216 | D:6      | Found a staircase to the Ecumenical Temple.
  6227 | D:6      | Identified the ring "Haicwuiq" {*Tele rF+++ rC- MR+ Int+4} (You found it on level 6 of the Dungeon)
  6304 | D:7      | XOM: potion effect (brilliance)
  6382 | D:7      | XOM: severe Conj miscast
  6450 | D:7      | XOM: divination: detect creatures
  6479 | D:7      | Reached skill level 8 in Axes
  6482 | D:7      | XOM: cloud trail
  6693 | D:7      | Found a bloodstained altar of Trog.
  6713 | D:7      | XOM: scenery: create altars
  6724 | D:7      | Reached XP level 9. HP: 73/73 MP: 9/9
  7069 | D:8      | XOM: divination: magic mapping
  7070 | D:8      | XOM: repel stairs
  7137 | D:8      | XOM: fog
  7162 | D:8      | Found a hide-covered altar of Uskayaw.
  7163 | D:8      | Noticed a dagger
  7163 | D:8      | Noticed a hand axe
  7203 | D:8      | Found Faxuypp's General Store.
  7232 | D:8      | XOM: mild Summ miscast
  7240 | D:8      | Bought a scroll of remove curse for 45 gold pieces
  7295 | D:8      | Noticed a two-headed ogre
  7305 | D:8      | Killed a two-headed ogre
  7305 | D:8      | Reached skill level 9 in Axes
  7545 | D:8      | XOM: 1-stop teleportation journey
  7563 | D:8      | XOM: 3-stop teleportation journey
  7622 | D:8      | XOM: give mutations
  7622 | D:8      | Lost mutation: Your system is resistant to poisons. (rPois) [Xom's mischief]
  7622 | D:8      | Lost mutation: Your muscles are strong. (Str +2) [Xom's mischief]
  7691 | D:8      | Found a shimmering altar of Xom.
  7691 | D:8      | XOM: 1-stop teleportation journey
  7787 | D:8      | XOM: mild Tloc miscast
  8041 | D:8      | Found a glowing golden altar of the Shining One.
  8043 | D:8      | Found a burning altar of Makhleb.
  8208 | D:8      | XOM: divination: detect creatures
  8218 | D:8      | XOM: harmless Ice miscast
  8226 | D:8      | Reached skill level 10 in Axes
  8306 | D:8      | XOM: harmless Tmut miscast
  8331 | D:8      | XOM is BORED!
  8361 | D:8      | Bought a wand of acid (5) for 270 gold pieces
  8404 | D:9      | Noticed an elephant
  8413 | D:9      | Noticed a shock serpent
  8413 | D:9      | an elephant changed into a shock serpent
  8413 | D:9      | XOM: polymorph elephant -> shock serpent
  8417 | D:9      | HP: 2/76 [shock serpent (9)]
  8417 | D:9      | Mangled by a shock serpent

Vault maps used:
D:1:      dpeg_arrival_arbitrary_c
D:2:      grunt_temple_overflow_gold_and_silver,
          yredelemnul_forgotten_temple_becter, vehumet_crystals, bloody_trog,
          first_ration
D:3:      uniq_grinder
D:4:      nicolae_ru_great_annihilating_truth
D:5:      uniq_eustachio
D:6:      nemelex_altar_shiori, nicolae_overflow_hidden_temple, temple_green
D:7:      trog_butcher_becter
D:8:      dancing_weapons_uskayaw, minitemple, serial_shops,
          nicolae_shop_window_shopping, grunt_ogre_cave, grunt_decor_arrowhead,
          tgw_xom
D:9:      fedhas_altar_3, kennysheep_little_box, david_lair_generic

Skill      XL: |  1  2  3  4  5  6  7  8  9 |
---------------+----------------------------+-----
Dodging        | 1 |  1.0
Axes           | 3 4 5 6 8 10 | 10.0
Armour         | 2 3 4 5 6 |  6.0
Fighting       | 4 5 6 8 |  8.0
Shields        | |  0.1

Action                   |  1- 3 |  4- 6 |  7- 9 || total
-------------------------+-------+-------+-------++-------
Melee: Hand axe          |   118 |   149 |   346 ||   613
       Kick              |    18 |    40 |    94 ||   152
       Headbutt          |       |     2 |       ||     2
       War axe           |       |       |   175 ||   175
Throw: Stone             |     2 |       |       ||     2
Evoke: Wand              |       |       |     8 ||     8
  Use: Scroll            |       |       |    14 ||    14
 Stab: Paralysed         |       |     1 |     3 ||     4
       Confused          |       |     1 |       ||     1
       Distracted        |       |       |     1 ||     1
  Eat: Chunk             |     2 |     6 |    14 ||    22
       Ration            |       |     2 |       ||     2
Armor: Ring mail         |    55 |    61 |    85 ||   201
       Plate armour      |       |       |   219 ||   219
Dodge: Dodged            |    66 |    74 |   161 ||   301
Block: Buckler           |       |     3 |    70 ||    73

Table legend:
 A = Spawn XP
 B = Non-spawn XP
 C = Spawn XP percentage of total XP
 D = Spawn monster count
 E = Non-spawn monster count
 F = Spawn count percentage of total count
 G = Total turns spent on level
                    A         B        C        D         E        F      G
               +---------+---------+-------+---------+---------+-------+---------
         Total |       0 |    5392 |   0.0 |       0 |     195 |   0.0 |  8417
               +---------+---------+-------+---------+---------+-------+---------
           D:1 |       0 |      44 |   0.0 |       0 |      26 |   0.0 |  1155
           D:2 |       0 |      81 |   0.0 |       0 |      28 |   0.0 |  1386
           D:3 |       0 |     575 |   0.0 |       0 |      30 |   0.0 |   967
           D:4 |       0 |     307 |   0.0 |       0 |      18 |   0.0 |   934
           D:5 |       0 |     750 |   0.0 |       0 |      20 |   0.0 |   636
           D:6 |       0 |     542 |   0.0 |       0 |      30 |   0.0 |  1188
           D:7 |       0 |     595 |   0.0 |       0 |      13 |   0.0 |   797
           D:8 |       0 |    2409 |   0.0 |       0 |      28 |   0.0 |  1332
           D:9 |       0 |      89 |   0.0 |       0 |       2 |   0.0 |    22
               +---------+---------+-------+---------+---------+-------+---------
